 Dungeon Crawl Stone Soup version 0.31-a0-198-g2ad674f65e (webtiles) character file.

Game seed: 18257652883490289825

283 qw the Skirmisher (level 6, -2/35 HPs)
             Began as a Deep Elf Hunter on June 25, 2023.
             Slain by an orc
             ... wielding a +0 flail
              (4 damage)
             ... on level 3 of the Dungeon.
             The game lasted 00:00:56 (1858 turns).

qw the Skirmisher (Deep Elf Hunter)                 Turns: 1858, Time: 00:00:57

Health: -2/35      AC:  6    Str: 10    XL:     6   Next: 7%
Magic:  8/8        EV: 11    Int: 14    God:
Gold:   98         SH:  0    Dex: 18    Spells: 5/5 levels left

rFire   . . .        Y - +0 shortbow
rCold   . . .        (shield currently unavailable)
rNeg    . . .        g - +0 ring mail
rPois   .            (no helmet)
rElec   .            (no cloak)
rCorr   .            (no gloves)
SInv    .            h - +0 pair of boots
Will    .....        (no amulet)
Stlth   +            (no ring)
HPRegen 0.25/turn    (no ring)
MPRegen 0.11/turn

%: no passive effects
@: no status effects
A: no striking features
a: no special abilities


You were on level 3 of the Dungeon.
You visited 1 branch of the dungeon, and saw 3 of its levels.

You collected 98 gold pieces.


   Skills:
 + Level 1.9 Fighting
 - Level 9.5 Ranged Weapons
 - Level 2.4 Dodging
 - Level 1.2 Stealth


You had 5 spell levels left.
You didn't know any spells.
Your spell library was empty.

Inventory:

Hand Weapons
 Y - a +0 shortbow (weapon)
Armour
 c - a +0 helmet
 g - a +0 ring mail (worn)
 h - a +0 pair of boots (worn)
Scrolls
 e - a scroll of identify {unknown}
 f - a scroll of poison {unknown}
Potions
 a - a potion of ambrosia {unknown}
 b - 2 potions of heal wounds {unknown}
 d - 2 potions of enlightenment
 i - a potion of degeneration {unknown}

Dungeon Overview and Level Annotations

Branches:
Dungeon (3/15)

Altars:

Annotations:
D:3 Ijyb


Message History

You shoot an arrow. The arrow hits Ijyb but does no damage.
Ijyb is moderately wounded.
Ijyb zaps a wand.
Your will is overpowered!
You are confused.
The orc misses you. Ijyb barely misses you. The orc hits you with a +0 flail.
Ijyb hits you with a +4 dagger of holy wrath.
The orc barely misses you.
Ijyb zaps a wand.
You resist with some effort.
The now-empty wand crumbles to dust.
The orc barely misses you.
Ijyb hits you with a +4 dagger of holy wrath.
The orc misses you.
Ijyb hits you with a +4 dagger of holy wrath.
The orc misses you.
You feel less confused. Ijyb screams, "Me stronger than you!"
Ijyb hits you with a +4 dagger of holy wrath.
The orc closely misses you.
You shoot an arrow. The arrow barely misses Ijyb.
Ijyb hits you but does no damage. The orc hits you but does no damage.
You shoot an arrow. The arrow hits Ijyb.
Ijyb is moderately wounded.
Ijyb hits you with a +4 dagger of holy wrath.
The orc hits you but does no damage.
You shoot an arrow. The arrow hits Ijyb.
Ijyb is heavily wounded.
Ijyb hits you with a +4 dagger of holy wrath.
The orc hits you with a +0 flail.
You shoot an arrow. The arrow barely misses Ijyb.
Ijyb hits you with a +4 dagger of holy wrath.
The orc hits you but does no damage.
You shoot an arrow. The arrow hits Ijyb.
Ijyb is heavily wounded.
Ijyb hits you with a +4 dagger of holy wrath.
The orc hits you but does no damage.
You shoot an arrow. The arrow hits Ijyb but does no damage.
Ijyb is heavily wounded.
Ijyb hits you with a +4 dagger of holy wrath.
The orc hits you with a +0 flail.
You die...

#)[######...#.....#
##.####.....#..##.#
..)..###..###..##.#
.....#....#.....#.#
......>...#.#...#.#
....#######.#...#.#
............#.....# .
.....########.######....
.....### #......@oo{.#
.......###.#####g###....
....##.#...# ... #
######.#.### ..... #...#
......# ##### #......#
#.....## #.....#


You could see Ijyb and 2 orcs.

Vanquished Creatures
  Sigmund (D:3)
  A gnoll (D:1)
  5 adders
  A worm (D:3)
  7 orcs (D:3)
  7 ball pythons
  4 endoplasms
  3 giant cockroaches
  7 hobgoblins
  5 jackals (D:2)
  A quokka (D:1)
  2 bats (D:3)
  4 frilled lizards
  5 goblins
  2 kobolds
  6 rats
61 creatures vanquished.

Notes
Turn   | Place    | Note
-------+----------+-------------------------------------------
     0 | D:1      | qw the Deep Elf Hunter began the quest for the Orb.
     0 | D:1      | Reached XP level 1. HP: 12/12 MP: 3/3
     0 | D:1      | 0 ||| qw: Version: 0.3-a-22-g0ed2b0b
     0 | D:1      | 0 ||| qw: Game counter: 5082
     0 | D:1      | 0 ||| qw: Melee chars always use a shield: true
     0 | D:1      | 0 ||| qw: God list: Okawaru
     0 | D:1      | 0 ||| qw: Allow faded altars: false
     0 | D:1      | 0 ||| qw: Do Orc after clearing Dungeon:15 true
     0 | D:1      | 0 ||| qw: Do second Lair branch before Depths: true
     0 | D:1      | 0 ||| qw: Lair rune preference: random
     0 | D:1      | 0 ||| qw: Goals: Normal
     0 | D:1      | 0 ||| PLANNING D:1-11
    29 | D:1      | Reached skill level 6 in Ranged Weapons
    29 | D:1      | Reached XP level 2. HP: 16/16 MP: 4/4
   364 | D:1      | 364 ||| UPGRADING to +0 scale mail.
   374 | D:1      | 374 ||| DROPPING +0 leather armour.
   375 | D:1      | 375 ||| READING scroll labelled OTATHEERCHULA.
   407 | D:1      | 407 ||| DROPPING scroll of butterflies.
   445 | D:2      | Reached XP level 3. HP: 20/20 MP: 5/5
   503 | D:2      | Reached skill level 7 in Ranged Weapons
   973 | D:2      | Reached XP level 4. HP: 25/25 MP: 6/6
  1257 | D:2      | 1257 ||| UPGRADING to +0 ring mail.
  1267 | D:2      | 1267 ||| DROPPING +0 scale mail.
  1268 | D:2      | 1268 ||| UPGRADING to +0 pair of boots.
  1273 | D:2      | 1273 ||| READING scroll labelled ZOIFAHE WICO.
  1274 | D:2      | 1274 ||| READING scroll labelled QICKUE OC NOUS.
  1275 | D:2      | 1275 ||| READING 3 scrolls labelled AGIGUSU CYNAWO.
  1276 | D:2      | 1276 ||| DRINKING 3 fuming coppery potions.
  1277 | D:2      | 1277 ||| DROPPING 2 scrolls of immolation.
  1436 | D:3      | 1436 ||| FLEEEEING.
  1439 | D:3      | 1439 ||| FLEEEEING.
  1440 | D:3      | 1440 ||| FLEEEEING.
  1441 | D:3      | 1441 ||| FLEEEEING.
  1442 | D:3      | 1442 ||| FLEEEEING.
  1443 | D:3      | 1443 ||| FLEEEEING.
  1444 | D:3      | 1444 ||| FLEEEEING.
  1445 | D:3      | 1445 ||| FLEEEEING.
  1449 | D:3      | 1449 ||| FLEEEEING.
  1560 | D:3      | Noticed Sigmund
  1569 | D:3      | Killed Sigmund
  1570 | D:3      | Reached skill level 9 in Ranged Weapons
  1570 | D:3      | Reached XP level 5. HP: 17/29 MP: 7/7
  1571 | D:3      | 1571 ||| FLEEEEING.
  1577 | D:3      | 1577 ||| FLEEEEING.
  1587 | D:3      | 1587 ||| FLEEEEING.
  1588 | D:3      | 1588 ||| FLEEEEING.
  1721 | D:3      | Found a faded altar of an unknown god.
  1730 | D:3      | Reached XP level 6. HP: 35/35 MP: 8/8
  1837 | D:3      | Noticed Ijyb
  1856 | D:3      | HP: 8/35 [Ijyb/+4 dagger of holy wrath (3)]
  1857 | D:3      | HP: 3/35 [Ijyb/+4 dagger of holy wrath (5)]
  1858 | D:3      | Slain by an orc

Levels and vault maps discovered:
D:1:      onia_arrival_handbag, layout_basic
D:2:      minmay_inner_zag, layout_basic
D:3:      layout_basic, mainiacjoe_overflow_surrounded_room, serial_shops, shop,
          shapermc_ecumenical_altar_mp_highgroup, uniq_sigmund, uniq_ijyb

Skill      XL: |  1  2  3  4 |
---------------+-------------+-----
Ranged Weapons | 6 7 9 |  9.5
Fighting       | |  1.9
Dodging        | |  2.4
Stealth        | |  1.2

Action                     |  1- 3 |  4- 6 || total
---------------------------+-------+-------++-------
   Fire: Shortbow          |    97 |   100 ||   197
    Use: Scroll            |     1 |     3 ||     4
         Potion            |       |     1 ||     1
 Armour: Scale mail        |    21 |     3 ||    24
         Ring mail         |       |    20 ||    20
  Dodge: Dodged            |    15 |    27 ||    42

Table legend:
 A = Non-vault XP
 B = Vault XP
 C = Vault XP percentage of total XP
 D = Non-vault monster count
 E = Vault monster count
 F = Vault count percentage of total count
                 A         B        C        D         E       F
            +---------+---------+-------+---------+---------+-------
      Total |     165 |     240 |  59.3 |      49 |      12 |  19.7
            +---------+---------+-------+---------+---------+-------
        D:1 |      34 |       6 |  15.0 |      13 |       4 |  23.5
        D:2 |      51 |      11 |  17.7 |      16 |       7 |  30.4
        D:3 |      80 |     223 |  73.6 |      20 |       1 |   4.8
            +---------+---------+-------+---------+---------+-------
